 Dungeon Crawl Stone Soup version bcrawl-1.27.1d (webtiles) character file.

Game seed: 12865575066868911095

357566 Freyura the Covert (level 9, -1/74 HPs)
             Began as a Vampire Gladiator on July 19, 2020.
             Was a Believer of Dithmenos.
             Slain by a centaur (6 damage)
             ... on level 6 of the Dungeon.
             The game lasted 00:16:29 (4771 turns).

Freyura the Covert (Vampire Gladiator)              Turns: 4771, Time: 00:16:30

Health: -1/74      AC:  3    Str: 17    XL:     9   Next: 36%
Magic:  12/12      EV: 16    Int:  9    God:    Dithmenos [**....]
Gold:   192        SH:  0    Dex: 17    Spells: 8/8 levels left

rFire    + . .     SeeInvis +   a - +3 rapier
rCold    + . .     Gourm    .   (no shield)
rNeg     + + .     Faith    .   s - +0 robe
rPois    ∞         Spirit   .   (helmet restricted)
rElec    .         Reflect  .   (no cloak)
rCorr    .         Harm     .   (no gloves)
MR       +....                  n - +0 pair of boots
Stlth    +++++++++.             (no amulet)
HPRegen  0.11/turn              f - ring of protection from fire
MPRegen  0.13/turn              (no ring)

@: regenerating slowly, wreathed by umbra
A: claws 1, fangs 3, horns 1, see invisible, magic resistance 1, robust 1,
unbreathing, MP-powered wands
a: Shadow Step, Renounce Religion


You were on level 6 of the Dungeon.
You worshipped Dithmenos.
Dithmenos was pleased with you.
You were near bloodless.

You visited 1 branch of the dungeon, and saw 6 of its levels.

You collected 248 gold pieces.
You spent 56 gold pieces at shops.

Inventory:

Hand Weapons
 a - a +3 rapier (weapon)
Missiles
 d - 3 throwing nets {=f}
Armour
 n - a +0 pair of boots (worn)
 s - a +0 robe (worn)
Jewellery
 f - a ring of protection from fire (left claw)
Wands
 b - a wand of enslavement (9)
 m - a wand of digging (8)
 p - a wand of paralysis (3)
Scrolls
 e - 2 scrolls of blinking
 g - 3 scrolls of identify
 i - 4 scrolls of teleportation
 k - 2 scrolls of remove curse
 l - 2 scrolls of amnesia
 r - a scroll of fear
Potions
 c - 2 potions of flight
 h - 4 potions of curing
 o - a potion of magic
 q - 18 potions of blood


   Skills:
 + Level 5.0 Fighting
 + Level 7.2 Short Blades
 - Level 1.5 Throwing
 + Level 6.6 Dodging
 * Level 11.4 Stealth
 + Level 4.8 Evocations


You had 8 spell levels left.
You didn't know any spells.
Your spell library contained the following spells:

 Spells                   Type           Power        Failure   Level  Hunger
 Corona                   Hex            #......      38%         1    None
 Summon Small Mammal      Summ           #...         38%         1    None
 Call Imp                 Summ           #.....       52%         2    ####...
 Ensorcelled Hibernation  Hex/Ice        #.....       52%         2    ####...
 Call Canine Familiar     Summ           #.......     77%         3    #####..
 Confuse                  Hex            #.......     77%         3    #####..
 Dazzling Orbs            Conj/Hex       #......      77%         3    #####..
 Tukima's Dance           Hex            #.......     77%         3    #####..
 Summon Ice Beast         Ice/Summ       #.......     99%         4    ######.
 Summon Lightning Spire   Summ/Air       #.......     100%        5    #######


Dungeon Overview and Level Annotations

Branches:
Dungeon (6/12)             Temple (0/1) D:5

Altars:
Ashenzari
Dithmenos
Lugonu
Makhleb
Okawaru
Ru
Trog
Uskayaw
Vehumet
Yredelemnul
Zin
The Shining One

Shops:
D:5 :(   D:6 }


Innate Abilities, Weirdness & Mutations

You heal slowly.
You are immune to poison.
You have sharp fingernails.
You have razor-sharp teeth.
You have supernaturally acute eyesight. (SInv)
You can survive without breathing.
You have a pair of small horns on your head.
You are resistant to hostile enchantments. (MR+)
You are robust. (+10% HP)
You expend magic power (3 MP) to strengthen your wands.


Message History

* * * LOW HITPOINT WARNING * * *
The orc wizard gestures at you while chanting.
You resist. The puff of flame hits you.
* * * LOW HITPOINT WARNING * * *
You hit the orc priest.
You kill the orc priest!
Dithmenos accepts your kill. The centaur barely misses you.
The orc wizard hits you with a +0 dagger.
* * * LOW HITPOINT WARNING * * *
The centaur misses you.
You feel almost devoid of blood!
You puncture the worker ant!
The worker ant is heavily wounded.
The worker ant barely misses you.
The orc wizard gestures at you while chanting.
The magic dart hits you.
* * * LOW HITPOINT WARNING * * *
The centaur hits you.
You die...

#..##..##..#######.....
#..##..##..##....#.....
#...#...#........#..(..
#...'...#........#.....
#...#..##........#.....
#...#..##........#.....
#...#..'.........#.....
#...#o)#.........#.....
#...#o@#.........#.....
#...#ca###########.....
#...#..## #.....
#...#...# #.....
#...#...# #.....
#...#...# #.....
#...#...# .'.....
#...#...# ..#.....
#...' ..#.....


You could see a centaur, a worker ant and 2 orc wizards.

Vanquished Creatures
  The ghost of Quickbrownfox the Vandal, a novice DsAc (D:5)
  Grinder (D:5)
  A hippogriff (D:3)
  Sigmund (D:5)
  Menkaure (D:5)
  A water moccasin (D:3)
  An orc warrior (D:6)
  A sky beast (D:5)
  2 ogres (D:5)
  2 centaurs
  2 bullfrogs (D:6)
  2 howler monkeys (D:4)
  A bullfrog zombie (D:5)
  3 crimson imps
  A centaur zombie (D:5)
  A hound (D:4)
  2 orc priests
  2 centaur skeletons
  An iguana (D:6)
  An orc wizard (D:3)
  5 worker ants
  A hound zombie (D:4)
  A worker ant zombie (D:5)
  Robin (D:3)
  4 gnolls
  A howler monkey skeleton (D:5)
  9 adders
  A worm (D:3)
  3 dart slugs
  3 leopard geckos
  22 orcs
  A ball python (D:4)
  4 bats
  2 giant cockroaches
  14 goblins
  10 hobgoblins
  6 jackals
  4 kobolds
  4 quokkas
  2 frilled lizards
  3 rats
129 creatures vanquished.

Notes
Turn   | Place    | Note
-------+----------+-------------------------------------------
     0 | D:1      | Freyura the Vampire Gladiator began the quest for the Orb.
     0 | D:1      | Reached XP level 1. HP: 16/16 MP: 1/1
    46 | D:1      | Reached skill level 1 in Stealth
   177 | D:1      | Reached XP level 2. HP: 22/22 MP: 2/2
   252 | D:1      | Reached skill level 2 in Stealth
   573 | D:2      | Reached XP level 3. HP: 26/27 MP: 3/3
   607 | D:2      | Found a bloodstained altar of Trog.
   675 | D:2      | Reached skill level 3 in Stealth
   726 | D:2      | Found a shadowy altar of Dithmenos.
   730 | D:2      | Found a hide-covered altar of Uskayaw.
   733 | D:2      | Found a radiant altar of Vehumet.
   741 | D:2      | Became a worshipper of Dithmenos the Shadowed
   976 | D:2      | Found a sacrificial altar of Ru.
  1161 | D:3      | Reached XP level 4. HP: 33/33 MP: 4/4
  1266 | D:3      | Reached skill level 4 in Stealth
  1277 | D:3      | Reached skill level 1 in Evocations
  1385 | D:3      | Reached * piety under Dithmenos
  1406 | D:3      | Reached XP level 5. HP: 8/39 MP: 5/5
  1663 | D:3      | Found a corrupted altar of Lugonu.
  1734 | D:3      | Noticed a hippogriff
  1735 | D:3      | Noticed Robin
  1769 | D:3      | Killed Robin
  1774 | D:3      | Killed a hippogriff
  1774 | D:3      | Reached skill level 5 in Stealth
  1774 | D:3      | Reached XP level 6. HP: 22/47 MP: 5/7
  2165 | D:3      | Noticed a water moccasin
  2172 | D:3      | Killed a water moccasin
  2172 | D:3      | Reached skill level 5 in Short Blades
  2172 | D:3      | Reached skill level 6 in Stealth
  2266 | D:4      | Found a glowing silver altar of Zin.
  2294 | D:4      | Reached XP level 7. HP: 51/52 MP: 8/8
  2334 | D:4      | Reached skill level 7 in Stealth
  2363 | D:4      | Gained mutation: You are partially covered in molten
                  | scales. (AC +2) [potion of mutation]
  2363 | D:4      | Gained mutation: You have large cloven feet. [potion of
                  | mutation]
  2363 | D:4      | Gained mutation: You expend magic power (3 MP) to
                  | strengthen your wands. [potion of mutation]
  2468 | D:4      | Lost mutation: You expend magic power (3 MP) to strengthen
                  | your wands. [potion of mutation]
  2468 | D:4      | Lost mutation: You have large cloven feet. [potion of
                  | mutation]
  2468 | D:4      | Lost mutation: You are partially covered in molten scales.
                  | (AC +2) [potion of mutation]
  2468 | D:4      | Gained mutation: You are robust. (+10% HP) [potion of
                  | mutation]
  2468 | D:4      | Gained mutation: You are resistant to hostile enchantments.
                  | (MR+) [potion of mutation]
  2468 | D:4      | Gained mutation: You have a pair of small horns on your
                  | head. [potion of mutation]
  2468 | D:4      | Gained mutation: You expend magic power (3 MP) to
                  | strengthen your wands. [potion of mutation]
  2541 | D:4      | Reached ** piety under Dithmenos
  2554 | D:4      | Found a burning altar of Makhleb.
  2556 | D:4      | Noticed an Executioner
  2561 | D:4      | Noticed a neqoxec
  2561 | D:4      | Noticed a neqoxec
  2726 | D:4      | Reached skill level 5 in Dodging
  2800 | D:4      | Reached skill level 8 in Stealth
  2951 | D:5      | Entered Level 5 of the Dungeon
  3049 | D:5      | Noticed Grinder
  3050 | D:5      | Reached XP level 8. HP: 66/66 MP: 10/10
  3068 | D:5      | Found a glowing golden altar of the Shining One.
  3075 | D:5      | Killed Grinder
  3075 | D:5      | Reached skill level 9 in Stealth
  3238 | D:5      | Noticed Menkaure
  3244 | D:5      | Killed Menkaure
  3321 | D:5      | Found Baqingui's Book Emporium.
  3447 | D:5      | Noticed Sigmund
  3450 | D:5      | Killed Sigmund
  3450 | D:5      | Reached skill level 10 in Stealth
  3554 | D:5      | Found a large runed translucent door.
  3554 | D:5      | Found a large runed translucent door.
  3555 | D:5      | Noticed Quickbrownfox's ghost (novice DsAc)
  3571 | D:5      | Found a staircase to the Ecumenical Temple.
  3585 | D:5      | Found Xoimeffa's Antique Weapon Shop.
  3601 | D:5      | Found a basalt altar of Yredelemnul.
  3896 | D:5      | Killed Quickbrownfox's ghost
  3896 | D:5      | Reached XP level 9. HP: 14/73 MP: 12/12
  4199 | D:6      | Found Quvihue's Gadget Boutique.
  4206 | D:6      | Bought a wand of paralysis (3) for 56 gold pieces
  4263 | D:6      | Reached skill level 11 in Stealth
  4289 | D:6      | Found a shattered altar of Ashenzari.
  4291 | D:6      | Found an iron altar of Okawaru.
  4762 | D:6      | Reached skill level 5 in Fighting
  4771 | D:6      | Slain by a centaur

Skill      XL: |  1  2  3  4  5  6  7  8  9 |
---------------+----------------------------+-----
Stealth        | 1 2 3 4 5 6 8 10 11 | 11.4
Fighting       | 2 3 4 5 |  5.0
Short Blades   | 4 5 6 7 |  7.2
Evocations     | 1 2 3 4 |  4.8
Dodging        | 4 5 6 |  6.6
Throwing       | |  1.5

Action                   |  1- 3 |  4- 6 |  7- 9 || total
-------------------------+-------+-------+-------++-------
Melee: Rapier            |    63 |    94 |   184 ||   341
       Bite              |     5 |     6 |    20 ||    31
       Headbutt          |       |       |    31 ||    31
  Use: Scroll            |    10 |     2 |     6 ||    18
       Potion            |       |     3 |     5 ||     8
 Stab: Sleeping          |    15 |    11 |    19 ||    45
       Distracted        |     1 |     1 |     1 ||     3
Armor: Leather armour    |    13 |    20 |     5 ||    38
       Robe              |       |       |     7 ||     7
Dodge: Dodged            |    34 |    75 |   115 ||   224
